 Dungeon Crawl Stone Soup version 0.25.1-9-gc5326a611f (webtiles) character file.

Game seed: 2751133864168102116

16931 hawla the Thaumaturge (level 12, 0/81 HPs)
             Began as a Yellow Draconian Conjurer on Dec 26, 2020.
             Was a High Priest of Vehumet.
             Slain by a two-headed ogre
             ... wielding a +0 giant spiked club
              (28 damage)
             ... on level 13 of the Dungeon.
             The game lasted 01:03:49 (18741 turns).

hawla the Thaumaturge (Yellow Draconian Conjurer)  Turns: 18741, Time: 01:03:50

Health: 0/81       AC: 10    Str: 10    XL:     12   Next: 14%
Magic:  9/26       EV: 12    Int: 25    God:    Vehumet [*****.]
Gold:   694        SH:  0    Dex: 14    Spells: 7/32 levels left

rFire    + . .     SeeInvis +   M - staff of cold
rCold    + + .     Gourm    .   (no shield)
rNeg     + . .     Faith    .   (armour unavailable)
rPois    .         Spirit   .   (helmet restricted)
rElec    .         Reflect  .   i - scarf {rC+ rF+}
rCorr    +         Harm     .   z - +0 pair of gloves
MR       +++..     Clarity  +   G - +0 pair of boots
Stlth    ++........             d - amulet of the Four Winds {rN+ MR+++ Clar}
HPRegen  0.23/turn              m - ring of see invisible
MPRegen  0.20/turn              j - ring of Biuninap {+Fly Int+3 Dex+3}

@: about to teleport
A: spit acid, unfitting armour, cold-blooded, acid resistance, AC +8
a: Breathe Acid, Renounce Religion, Evoke Flight


You were on level 13 of the Dungeon.
You worshipped Vehumet.
Vehumet was extremely pleased with you.
You were not hungry.

You visited 2 branches of the dungeon, and saw 14 of its levels.

You collected 820 gold pieces.
You spent 126 gold pieces at shops.

Inventory:

Hand Weapons
 f - a +0 quarterstaff
 l - a +4 quarterstaff of chaos
Missiles
 c - 24 boomerangs
 g - 53 sling bullets
 h - 2 atropa-tipped darts
 A - 39 poisoned darts (quivered)
 B - a boomerang of dispersal
Armour
 i - a scarf of resistance (worn)
 n - a +2 buckler
 p - a +1 cloak
 z - a +0 pair of gloves (worn)
 G - a +0 pair of boots (worn)
Magical Staves
 M - an uncursed staff of cold (weapon)
Jewellery
 d - the amulet of the Four Winds (around neck) {rN+ MR+++ Clar}
   (You found it on level 8 of the Dungeon)

   [amulet of nothing]

   It protects you from negative energy.
   It affects your resistance to hostile enchantments.
   It protects you against confusion.
 j - the ring of Biuninap (right hand) {+Fly Int+3 Dex+3}
   (You found it on level 11 of the Dungeon)

   [ring of flight]

   It affects your intelligence (+3).
   It affects your dexterity (+3).
   It lets you fly.
 m - a ring of see invisible (left hand)
 q - an uncursed ring of poison resistance
 r - an uncursed ring of positive energy
 C - the amulet of the Air {Inacc +Fly rElec EV+5 RMsl}
   (You found it on level 9 of the Dungeon)

   [amulet of inaccuracy]

   It reduces the accuracy of all your attacks.
   It affects your evasion (+5).
   It insulates you from electricity.
   It lets you fly.
   It protects you from missiles.
Wands
 e - a wand of disintegration (15)
 u - a wand of paralysis (4)
 y - a wand of iceblast (27)
 J - a wand of random effects (14)
 N - a wand of flame (14)
Scrolls
 k - 3 scrolls of enchant weapon
 x - a scroll of enchant armour
 E - a scroll of brand weapon
 F - 3 scrolls of identify
 H - a scroll of remove curse
 K - a scroll of fog {unknown}
Potions
 o - 2 potions of lignification
 t - 3 potions of might
 v - 2 potions of flight {unknown}
 w - a potion of brilliance
 L - a potion of curing
Miscellaneous
 D - a box of beasts
Comestibles
 b - 18 rations


   Skills:
 - Level 10.0 Staves
 - Level 1.7 Dodging
 - Level 1.7 Stealth
 - Level 4.0 Shields
 + Level 10.7 Spellcasting
 - Level 7.9 Conjurations
 + Level 5.1 Hexes
 - Level 5.9 Translocations
 - Level 4.4 Transmutations
 - Level 4.0 Ice Magic


You had 7 spell levels left.
You knew the following spells:

 Your Spells              Type           Power        Failure   Level  Hunger
a - Magic Dart            Conj           ####         1%          1    None
b - Searing Ray           Conj           ######       1%          2    None
c - Iskenderun's Mystic   Conj/Tloc      #####...     1%          4    None
d - Corona                Hex            #####..      1%          1    None
e - Slow                  Hex            #####...     1%          2    None
f - Cause Fear            Hex            #####.....   5%          4    None
g - Yara's Violent Unrav  Hex/Tmut       #####.....   5%          5    ####...
h - Hailstorm             Conj/Ice       ######..     1%          4    None
i - Blink                 Tloc           N/A          1%          2    None

Your spell library contained the following spells:

 Spells                   Type           Power        Failure   Level  Hunger
 Foxfire                  Conj/Fire      ####         1%          1    None
 Shock                    Conj/Air       ####         1%          1    None
 Ensorcelled Hibernation  Hex/Ice        ######       1%          2    None
 Confusing Touch          Hex            #####...     1%          3    None
 Conjure Flame            Conj/Fire      ####....     1%          3    None
 Dazzling Flash           Conj/Hex       #####.       1%          3    None
 Inner Flame              Hex/Fire       ####....     1%          3    None
 Mephitic Cloud           Conj/Pois/Air  ####....     1%          3    None
 Static Discharge         Conj/Air       ####....     1%          3    None
 Tukima's Dance           Hex            #####...     1%          3    None
 Fulminant Prism          Conj/Hex       #####.....   1%          4    None
 Sticky Flame             Conj/Fire      ####....     2%          4    None
 Irradiate                Conj/Tmut      #####.....   2%          5    ####...
 Call Imp                 Summ           ##......     7%          2    None
 Swiftness                Chrm/Air       ##......     7%          2    None
 Fireball                 Conj/Fire      ####......   7%          5    ####...
 Lightning Bolt           Conj/Air       ####......   7%          5    ####...
 Airstrike                Air            ##........   12%         4    None
 Silence                  Hex/Air        ####......   41%         5    ####...
 Hydra Form               Tmut           #####.....   75%         6    #####..
 Statue Form              Tmut/Erth      ###......    96%         6    #####..
 Dragon Form              Tmut           #####.....   99%         7    #######
 Discord                  Hex            #####.....   100%        8    #######


Dungeon Overview and Level Annotations

Branches:
Dungeon (13/15)            Temple (1/1) D:6            Lair (0/6) D:10
    Orc (0/2) D:11
 Vaults: D:13-14

Altars:
Ashenzari
Cheibriados
Dithmenos
Elyvilon
Fedhas
Gozag
Hepliaklqana
Kikubaaqudgha
Makhleb
Nemelex Xobeh
Okawaru
Qazlal
Ru
Sif Muna
Trog
Uskayaw
Vehumet
Wu Jian
Xom
Yredelemnul
Zin
The Shining One
Beogh

Shops:
D:2 *   D:12 [[

Annotations:
D:10 3 runed translucent doors, Gadfly's ghost, journeyman BaIE; Gadfly's ghost, journeyman DrTm; Naeght's ghost, novice MfGl; Snicker's ghost, novice TrTm


Innate Abilities, Weirdness & Mutations

You can spit globs of acid.
Your golden yellow scales are hard. (AC +8)
You cannot fit into any form of body armour.
You are cold-blooded and may be slowed by cold attacks.
You are resistant to acid. (rCorr)


Message History

The orc shouts!
The orc misses you.
The wizard points at you and mumbles some strange words.
The fireball explodes!
The fireball engulfs you! You resist.
The fireball engulfs the orc!!!
The orc dies!
You hear a shout! x3
The two-headed ogre hits you but does no damage.
The two-headed ogre hits you with a +0 giant club!
The troll bites you! The troll completely misses you.
The troll claws you but does no damage.
The wizard howls an incantation.
You feel disoriented.
The wizard casts a spell.
The wizard blinks!
As you read the scroll of teleportation, it crumbles to dust.
You feel strangely unstable.
The two-headed ogre closely misses you. x2
The troll bites you but does no damage. The troll misses you. x2
The two-headed ogre hits you with a +0 giant spiked club!!
You die...

*,,,,,,,>,,,,,,,,,,,,,,,,,,,,,
###*******,***+****,******,,,,,,
#.# *,,,,,****,****,,,,,,,, #.#
###,***,*,,+,,,,***,***** #.#
#..,,,,,*,,****+* *,* *
##.######..,*****,,*,,,,***,* *
.......##.#,* ##+######*,,,* *
...###.##.#,* ##........,,*******
.......##.#####.@T......,,*,,,,,,
######.##........O...p..,,*,*****
# #.##C##########+###*,*,***** #
#.##.# *,,,,,,,*,*,,,,,, #
#.##.#######,,,∩,,,*,*******
#..(.......#,,,,,,,*,* *
##.#......##********,* *
#.###..#C#******,**,******* #.#
*......,,,,,,,,,,,,,,,,


You could see a two-headed ogre, a cyclops, a wizard and a troll.

Vanquished Creatures
  2 two-headed ogres
  A tengu warrior (D:11)
  An orange crystal statue (D:11)
  A manticore (D:11)
  Joseph (D:7)
  A gargoyle (D:12)
  A troll (D:12)
  Prince Ribbit (D:8)
  5 hippogriffs
  Grinder (D:3)
  A spriggan (D:8)
  A shadow (D:12)
  A vampire (D:13)
  15 yaks
  A hungry ghost (D:10)
  Grum (D:8)
  A soldier ant (D:11)
  3 water moccasins
  3 ice beasts
  A black bear (D:7)
  4 phantoms
  10 orc warriors
  8 sky beasts
  7 ogres
  3 wolves (D:8)
  11 centaurs
  2 crocodiles
  2 big kobolds
  Blork the orc (D:6)
  5 bullfrogs
  A wyvern skeleton (D:10)
  4 scorpions
  18 wights
  2 howler monkeys
  2 crimson imps
  Crazy Yiuf (D:2)
  6 hounds
  8 jellies
  3 quasits
  4 bullfrog skeletons
  14 orc priests
  18 orc wizards
  4 centaur skeletons
  An iguana (D:12)
  7 worker ants
  A killer bee zombie (D:9)
  4 hound zombies
  2 hound skeletons
  4 gnolls (D:5)
  2 howler monkey skeletons
  12 adders
  3 shadow imps
  2 oozes (D:2)
  3 adder skeletons
  2 worms
  7 leopard geckos
  74 orcs
  3 giant cockroaches
  9 hobgoblins
  18 jackals
  14 kobolds
  3 quokkas
  7 bats
  4 frilled lizards
  A giant cockroach zombie (D:5)
  6 goblins
  A leopard gecko zombie (D:7)
  10 rats
  A fungus (D:2)
382 creatures vanquished.

Vanquished Creatures (others)
  A troll (D:11)
  An orc warrior (D:11)
  An ogre (D:11)
  3 centaurs
  A big kobold (D:11)
  An orc (D:13)
  A kobold (D:11)
9 creatures vanquished.

Grand Total: 391 creatures vanquished

Notes
Turn   | Place    | Note
-------+----------+-------------------------------------------
     0 | D:1      | hawla the Draconian Conjurer began the quest for the Orb.
     0 | D:1      | Reached XP level 1. HP: 14/14 MP: 3/3
   283 | D:1      | Reached XP level 2. HP: 19/20 MP: 0/5
  1097 | D:2      | Reached XP level 3. HP: 20/26 MP: 0/7
  1101 | D:2      | Learned a level 2 spell: Searing Ray
  1735 | D:2      | Reached XP level 4. HP: 31/33 MP: 0/8
  1744 | D:2      | Learned a level 4 spell: Iskenderun's Mystic Blast
  2282 | D:2      | Found Gozag's Platinum Reserve.
  2301 | D:2      | Found an opulent altar of Gozag.
  2400 | D:2      | Found a runed translucent door.
  2401 | D:2      | Noticed Crazy Yiuf
  2519 | D:2      | Killed Crazy Yiuf
  2519 | D:2      | Reached skill level 5 in Conjurations
  2519 | D:2      | Reached skill level 1 in Translocations
  2686 | D:3      | Noticed Grinder
  2787 | D:3      | Paralysed by Grinder for 5 turns
  2795 | D:3      | Killed Grinder
  2795 | D:3      | Reached skill level 1 in Staves
  2795 | D:3      | Reached XP level 5. HP: 28/38 MP: 5/10
  2795 | D:3      | Reached XP level 6. HP: 34/45 MP: 5/11
  3578 | D:3      | Found a faded altar of an unknown god.
  3923 | D:4      | You fall into a shaft and drop 2 floors!
  3923 | D:6      | Found a staircase to the Ecumenical Temple.
  3943 | D:6      | Noticed a sky beast
  3954 | D:6      | Killed a sky beast
  3954 | D:6      | Your scales start taking on a golden yellow colour.
  3954 | D:6      | Reached XP level 7. HP: 32/50 MP: 8/13
  3954 | D:6      | Gained mutation: You are resistant to acid. (rCorr) [Yellow
                  | Draconian growth]
  4717 | Temple   | Entered the Ecumenical Temple
  4790 | Temple   | Became a worshipper of Vehumet
  4833 | D:5      | Entered Level 5 of the Dungeon
  4866 | D:4      | Learned a level 1 spell: Corona
  4919 | D:4      | You fall into a shaft and drop 1 floor!
  4965 | D:5      | Reached skill level 5 in Spellcasting
  4965 | D:5      | Reached XP level 8. HP: 39/57 MP: 3/15
  5162 | D:5      | Reached skill level 1 in Hexes
  5177 | D:5      | Identified the +1 robe "Piulytt" {Harm rElec}
  5703 | D:4      | Found a glowing golden altar of the Shining One.
  5809 | D:4      | Found an iron altar of Okawaru.
  6057 | D:4      | Reached * piety under Vehumet
  6057 | D:4      | Offered knowledge of Foxfire by Vehumet.
  6468 | D:4      | Got an ivory hunting sling
  7281 | Temple   | Identified the +9 hunting sling "Xialebb" {freeze, +Blink}
                  | (You found it on level 4 of the Dungeon)
  7508 | D:6      | Noticed Blork the orc
  7514 | D:6      | Killed Blork the orc
  7514 | D:6      | Reached skill level 5 in Translocations
  7595 | D:6      | Found a white marble altar of Elyvilon.
  7801 | D:7      | Noticed Joseph
  7818 | D:7      | Killed Joseph
  7818 | D:7      | Reached skill level 5 in Staves
  7818 | D:7      | Reached XP level 9. HP: 26/62 MP: 0/18
  8232 | D:7      | Reached ** piety under Vehumet
  8340 | D:7      | Offered knowledge of Freeze by Vehumet.
  8434 | D:7      | Learned a level 1 spell: Freeze
  8517 | D:7      | Reached skill level 1 in Ice Magic
  9193 | D:7      | Reached XP level 10. HP: 69/69 MP: 17/20
  9387 | D:8      | Found the amulet of the Four Winds {rN+ MR+++ Clar}
  9461 | D:8      | Noticed Grum
  9468 | D:8      | Killed Grum
  9469 | D:8      | Offered knowledge of Inner Flame by Vehumet.
 10175 | D:8      | Noticed a two-headed ogre
 10192 | D:8      | Killed a two-headed ogre
 10602 | D:8      | Reached *** piety under Vehumet
 10684 | D:8      | Noticed Prince Ribbit
 10694 | D:8      | Killed Prince Ribbit
 11345 | D:9      | Found the amulet of the Air {Inacc +Fly rElec EV+5 RMsl}
 11365 | D:9      | Offered knowledge of Ignite Poison by Vehumet.
 11370 | D:9      | Learned a level 3 spell: Ignite Poison
 11608 | D:9      | Found a shimmering blue altar of Sif Muna.
 11826 | D:9      | Reached skill level 1 in Transmutations
 12537 | D:9      | Found an ornate altar of the Wu Jian Council.
 12540 | D:9      | Found a sparkling altar of Nemelex Xobeh.
 12540 | D:9      | Found a shimmering altar of Xom.
 12658 | D:10     | Entered Level 10 of the Dungeon
 12745 | D:10     | Noticed a two-headed ogre
 12753 | D:10     | Killed a two-headed ogre
 12753 | D:10     | Reached XP level 11. HP: 74/74 MP: 12/23
 13068 | D:10     | Reached **** piety under Vehumet
 13079 | D:10     | Offered knowledge of Lightning Bolt by Vehumet.
 13397 | D:10     | Found a roughly hewn altar of Beogh.
 13481 | D:10     | Found a sacrificial altar of Ru.
 13999 | D:10     | Found a runed translucent gate.
 13999 | D:10     | Found a runed translucent gate.
 13999 | D:10     | Found a runed translucent gate.
 14000 | D:10     | Noticed Gadfly's ghost (journeyman DrTm)
 14001 | D:10     | Noticed Gadfly's ghost (journeyman BaIE)
 14001 | D:10     | Noticed Snicker's ghost (novice TrTm)
 14001 | D:10     | Noticed Naeght's ghost (novice MfGl)
 14033 | D:10     | Found a staircase to the Lair.
 14368 | D:10     | Learned a level 2 spell: Slow
 14373 | D:10     | Learned a level 4 spell: Cause Fear
 14379 | D:10     | Learned a level 5 spell: Yara's Violent Unravelling
 14770 | D:11     | Found the +10 Black Knight's horse barding {ponderous,
                  | rPois rN+}
 14770 | D:11     | Noticed an orange crystal statue
 14934 | D:11     | Noticed a tengu warrior
 14963 | D:11     | Killed a tengu warrior
 15473 | D:11     | Killed an orange crystal statue
 15491 | D:11     | Got a translucent amber ring
 15575 | D:11     | Identified the ring of Biuninap {+Fly Int+3 Dex+3} (You
                  | found it on level 11 of the Dungeon)
 15597 | D:10     | Reached skill level 10 in Staves
 15845 | D:11     | Found a shimmering altar of Xom.
 15994 | D:11     | Reached ***** piety under Vehumet
 16012 | D:11     | Offered knowledge of Hailstorm by Vehumet.
 16012 | D:11     | Reached skill level 10 in Spellcasting
 16018 | D:11     | Learned a level 4 spell: Hailstorm
 16662 | D:10     | Learned a level 2 spell: Blink
 16773 | D:11     | Found a staircase to the Orcish Mines.
 17597 | D:12     | Found Zaist's Antique Armour Boutique.
 17611 | D:12     | Bought a pair of gloves for 126 gold pieces
 18051 | D:12     | Found Oviasyol's Antique Armour Shoppe.
 18362 | D:12     | Reached XP level 12. HP: 81/81 MP: 10/26
 18372 | D:12     | Reached skill level 5 in Hexes
 18735 | D:13     | Noticed a two-headed ogre
 18741 | D:13     | Slain by a two-headed ogre

Illustrated notes

Levels and vault maps discovered:
D:1:      minmay_arrival_doors, layout_loops_ring
D:2:      layout_basic, nicolae_gozag_zags_fifth_avenue, minmay_crystal_room,
          grunt_ministairs_3, uniq_crazy_yiuf_cottage
D:3:      layout_basic, chequers_ecumenical_altar_simple_redux, uniq_grinder
D:4:      layout_basic, kennysheep_mini, first_ration, tso_altar
D:5:      layout_loops_ring, st_stairs_13
D:6:      layout_basic, nicolae_overflow_crystal_walls, temple_pool_b,
          uniq_blork_the_orc
D:7:      kennysheep_windowed_halls, layout_rooms, uniq_joseph
D:8:      layout_basic, grunt_pizzeria, uniq_prince_ribbit1, uniq_grum
D:9:      layout_grid_maze, grunt_temple_overflow_diamond, old_standard_altar
D:10:     layout_small_grid, lair_entry_dummy, gammafunk_ghost_cemetery,
          special_room [special_room_orc], lemuel_centaur_altar
D:11:     layout_gridville, hiddenorc2_lemuel, minivault_15, xom_confusion_cloud
D:12:     layout_small_grid, serial_shops,
          nicolae_shop_temple_entry_statues_fountains, kennysheep_windowed_goal
D:13:     orc_temple, layout_basic, david_vaults_1,
          portal_ice_cave_entry_animals_and_master, uniq_azrael
Temple:   nicolae_temple_great_sept

Skill      XL: |  1  2  3  4  5  6  7  8  9 10 11 12 |
---------------+-------------------------------------+-----
Spellcasting   | 3 4 5 6 7 8 10 | 10.7
Conjurations   | 5 6 7 |  7.9
Translocations | 2 3 5 |  5.9
Staves         | 1 2 3 5 6 8 10 | 10.0
Hexes          | 1 4 5 |  5.1
Ice Magic      | 3 4 |  4.0
Shields        | 4 |  4.0
Transmutations | 2 4 |  4.4
Dodging        | |  1.7
Stealth        | |  1.7

Action                   |  1- 3 |  4- 6 |  7- 9 | 10-12 || total
-------------------------+-------+-------+-------+-------++-------
Melee: Unarmed           |    34 |    15 |       |       ||    49
       Tailslap          |     3 |     3 |     1 |    10 ||    17
       Quarterstaff      |       |     7 |    34 |    93 ||   134
       Staff             |       |       |       |    19 ||    19
Throw: Boomerang         |       |       |     6 |     1 ||     7
       Dart              |       |       |       |     5 ||     5
 Cast: Magic Dart        |    67 |    31 |    55 |   194 ||   347
       Searing Ray       |    11 |    24 |    69 |   157 ||   261
       Iskenderun's Myst |       |       |    13 |    59 ||    72
       Corona            |       |       |     6 |    19 ||    25
       Yara's Violent Un |       |       |       |     8 ||     8
       Slow              |       |       |       |     3 ||     3
       Cause Fear        |       |       |       |     1 ||     1
 Abil: Breathe Acid      |       |       |     3 |       ||     3
       Stop Flying       |       |       |       |     1 ||     1
       Evoke Flight      |       |       |       |     1 ||     1
  Use: Scroll            |     1 |     2 |    10 |    16 ||    29
       Potion            |       |     2 |     1 |     8 ||    11
 Stab: Sleeping          |       |       |     1 |       ||     1
       Confused          |       |       |       |     1 ||     1
  Eat: Chunk             |     4 |     7 |    16 |    28 ||    55
       Ration            |       |       |     1 |     2 ||     3
Armor: Skin              |    15 |     4 |    33 |   107 ||   159
Dodge: Dodged            |    26 |    17 |    69 |   137 ||   249
